 Dungeon Crawl Stone Soup version 0.26-a0-667-g92642533e4 (webtiles) character file.

Game seed: 1918774706787881231

86 jasper the Changer (level 4, 0/22 HPs)
             Began as a Vine Stalker Wanderer on Oct 17, 2020.
             Was an Initiate of Okawaru.
             Succumbed to kobold's curare-tipped dart
             ... on level 2 of the Dungeon.
             The game lasted 00:02:12 (2597 turns).

jasper the Changer (Vine Stalker Wanderer)          Turns: 2597, Time: 00:02:13

Health: 0/22       AC:  8    Str: 15    XL:     4   Next: 50%
Magic:  7/15       EV:  9    Int: 13    God:    Okawaru [......]
Gold:   31         SH:  0    Dex: 13    Spells: 5/5 levels left

rFire    . . .     SeeInvis .   l - +2 trident (venom)
rCold    . . .     Faith    .   (no shield)
rNeg     . . .     Spirit   +   d - +2 scale mail
rPois    .         Reflect  .   (no helmet)
rElec    .         Harm     .   (no cloak)
rCorr    .         Rampage  .   (no gloves)
MR       .....                  (no boots)
Stlth    ..........             (no amulet)
HPRegen  0.47/turn              o - ring of magical power
MPRegen  0.14/turn              (no ring)

@: lethally poisoned (0 -> -18), slowed, very slow
A: fangs 2, regeneration 1, magic shield, antimagic bite, no potion heal 3, rot
immunity
a: Renounce Religion


You were on level 2 of the Dungeon.
You worshipped Okawaru.
Okawaru was noncommittal.
You visited 1 branch of the dungeon, and saw 3 of its levels.

You collected 31 gold pieces.

Inventory:

Hand Weapons
 h - a +0 quarterstaff
 l - a +2 trident of venom (weapon)
Missiles
 i - 10 poisoned darts (quivered)
Armour
 d - a +2 scale mail (worn)
Jewellery
 o - a ring of magical power (left hand)
 q - an uncursed amulet of regeneration {unknown}
Wands
 s - a wand of enslavement (7)
Scrolls
 b - a scroll of enchant armour {unknown}
 e - 2 scrolls of noise {unknown}
 f - 2 scrolls of identify {unknown}
 j - 2 scrolls of teleportation {unknown}
 k - a scroll of remove curse {unknown}
 n - a scroll of blinking {unknown}
 r - a scroll of enchant weapon {unknown}
Potions
 a - a potion of brilliance {unknown}
 c - a potion of curing
 g - a potion of magic {unknown}
 m - a potion of heal wounds {unknown}
 p - 2 potions of stabbing {unknown}


   Skills:
 + Level 1.5 Fighting
   Level 1.0 Axes
 + Level 2.2 Armour
 - Level 1.2 Stealth
   Level 1.0 Shields
 * Level 2.7 Unarmed Combat
 - Level 1.1 Spellcasting
   Level 3.0 Transmutations
   Level 1.0 Air Magic


You had 5 spell levels left.
You didn't know any spells.
Your spell library contained the following spells:

 Spells                   Type           Power        Failure   Level
 Swiftness                Air            #.......     73%         2
 Corpse Rot               Necr/Air       N/A          80%         2


Dungeon Overview and Level Annotations

Branches:
Dungeon (3/15)

Altars:
Okawaru
Sif Muna


Innate Abilities, Weirdness & Mutations

You have extremely sharp teeth.
Your natural rate of healing is unusually fast.
When hurt, damage is shared between your health and your magic reserves.
Your bite disrupts and absorbs the magic of your enemies.
Potions cannot restore your health.
You are immune to rotting.


Message History

The kobold closely misses you. The kobold hits you but does no damage.
You take 3 damage, and have 12/22 hp.
You feel sick. The kobold hits you but does no damage.
You see here a stone.
You take 2 damage, and have 10/22 hp.
You feel sick. The kobold hits you but does no damage.
You take 1 damage, and have 9/22 hp.
You feel sick.
There is a stone staircase leading up here.
You take 1 damage, and have 8/22 hp.
You feel sick.
The kobold throws a curare-tipped dart.
The curare-tipped dart barely misses you.
The dart slug barely misses you.
The kobold throws a curare-tipped dart.
The curare-tipped dart hits you.
You are lethally poisoned!
You have difficulty breathing.
* * * LOW HITPOINT WARNING * * *
You feel as though you will be slow longer.
You climb upwards.
You die...

....# ########..# #.#
###.#
#.........########.# #.#
#.######...........# #.#
#####.######.......#####
#.# #.........###.####.#
#.# #.###.###.# #.# #.#
# #.#####.###.# #.# #.#
#.#
###.........#.###.###.#
#.#
.##..####.#.....@.....#
#.## .....#
#.#######w##..# #..#
.###.## #.# #.##..# ##.#
###...# #.#######.##..#
#.# ###...#
#.............# #>#
.##.(.##########..###.#
#.# .###.#.....<.[....#
#.# #.#
..........######..# #.#
#.# ####.#.##.# #..# #.#
#.#


You could see a dart slug.

Vanquished Creatures
  A gnoll (D:2)
  3 adders (D:2)
  An ooze (D:1)
  2 dart slugs (D:2)
  A leopard gecko (D:2)
  4 giant cockroaches
  3 goblins (D:1)
  6 hobgoblins
  3 jackals (D:1)
  A quokka (D:3)
  3 bats
  6 frilled lizards
  5 kobolds
  2 rats
41 creatures vanquished.

Vanquished Creatures (others)
  3 plants (D:1)
3 creatures vanquished.

Grand Total: 44 creatures vanquished

Notes
Turn   | Place    | Note
-------+----------+-------------------------------------------
     0 | D:1      | jasper the Vine Stalker Wanderer began the quest for the
                  | Orb.
     0 | D:1      | jasper set off with the following items: a +0 club, a
                  | potion of curing, a +2 scale mail; and the following spells
                  | available to memorise: Swiftness, Corpse Rot
     0 | D:1      | Reached XP level 1. HP: 9/9 MP: 3/3
   580 | D:1      | Reached skill level 1 in Unarmed Combat
   580 | D:1      | Reached XP level 2. HP: 9/14 MP: 4/4
  1374 | D:2      | Reached skill level 1 in Fighting
  1374 | D:2      | Reached XP level 3. HP: 6/18 MP: 5/5
  2034 | D:2      | Gained mutation: Your natural rate of healing is unusually
                  | fast. [Vine Stalker growth]
  2034 | D:2      | Reached XP level 4. HP: 21/22 MP: 6/6
  2385 | D:2      | Found a shimmering blue altar of Sif Muna.
  2388 | D:2      | Found an iron altar of Okawaru.
  2400 | D:2      | Became a worshipper of Warmaster Okawaru
  2597 | D:2      | Succumbed to kobold's curare-tipped dart

Illustrated notes

Levels and vault maps discovered:
D:1:      minmay_arrival_wavy_path, layout_loops_corners, nrook_mini_vaults,
          st_stairs_5, minivault_5, serial_bayou_ford_a
D:2:      layout_loops_ring, grunt_temple_overflow_open, minmay_small_reverse_x
D:3:      layout_basic, lemuel_round_altar, serial_undead, serial_undead_e,
          serial_undead_b, serial_undead_c, serial_undead_b,
          minmay_misc_feat_iff, uniq_natasha

Skill      XL: |  1  2  3 |
---------------+----------+-----
Unarmed Combat | 1 2 |  2.7
Fighting       | 1 |  1.5
Armour         | 2 |  2.2
Axes           | |  1.0
Stealth        | |  1.2
Shields        | |  1.0
Spellcasting   | |  1.1
Transmutations | |  3.0
Air Magic      | |  1.0

Action                   |  1- 3 |  4- 6 || total
-------------------------+-------+-------++-------
Melee: Unarmed           |   116 |       ||   116
       Bite              |    39 |     4 ||    43
       Club              |     2 |       ||     2
       Quarterstaff      |    20 |       ||    20
       Trident           |    27 |    35 ||    62
Throw: Dart              |     2 |       ||     2
  Use: Potion            |     2 |       ||     2
Armor: Scale mail        |    90 |    20 ||   110
Dodge: Dodged            |    86 |    28 ||   114

Table legend: (Time is in decaauts)
 A = Elapsed time spent in this place.
 B = Non-inter-level travel time spent in this place.
 C = Inter-level travel time spent in this place.
 D = Time resting spent in this place.
 E = Time spent auto-exploring this place.
 F = Levels seen in this place.
 G = Mean time per level.
                   A        B        C        D        E       F      G
               +--------+--------+--------+--------+--------+-----+--------+
         Total |   2624 |   2525 |     99 |    236 |   1904 |   3 |  874.7 |
       Dungeon |   2624 |   2525 |     99 |    236 |   1904 |   3 |  874.7 |
               +--------+--------+--------+--------+--------+-----+--------+

Top non-repeatable levels by time:
     D:1: 1321 daAuts
     D:2: 1284 daAuts
     D:3: 18 daAuts
